 Dungeon Crawl Stone Soup version 0.28-a0-1555-g9ae15a6949 (webtiles) character file.

Game seed: 13279814390158123441

65722 oldriver the Eclecticist (level 14, -3/86 HPs)
             Began as a Deep Elf Fire Elementalist on Jan 18, 2022.
             Was a High Priest of Vehumet.
             Constricted to death by Jorgrun (15 damage)
             ... on level 2 of the Orcish Mines.
             The game lasted 01:12:30 (31644 turns).

oldriver the Eclecticist (DEFE)                    Turns: 31644, Time: 01:12:44

Health: -3/86      AC: 11    Str:  5    XL:     14   Next: 76%
Magic:  14/37      EV: 13    Int: 28    God:    Vehumet [*****.]
Gold:   1881       SH:  5    Dex: 15    Spells: 14/47 levels left

rFire   + . .      SeeInvis .   K - staff of fire
rCold   + . .      Faith    .   (no shield)
rNeg    . . .      Spirit   .   E - +2 leather armour of the Swamp {Regen+ Int+2 Stlth-}
rPois   +          Reflect  +   A - +0 helmet
rElec   .          Harm     .   J - scarf {rC+ rF+}
rCorr   +          Rampage  .   (no gloves)
Will    +....                   t - +0 pair of boots
Stlth   ++++......              a - amulet "Dedakkoz" {Reflect rPois rF- Regen+ SH+5}
HPRegen 1.84/turn               d - ring of resist corrosion
MPRegen 0.25/turn               l - +4 ring of protection

@: radiating poison, grasped by roots, constricted
A: no striking features
a: Renounce Religion


You were on level 2 of the Orcish Mines.
You worshipped Vehumet.
Vehumet was extremely pleased with you.
You visited 4 branches of the dungeon, and saw 19 of its levels.

You collected 1881 gold pieces.

Inventory:

Hand Weapons
 g - the +8 flail of Qyonlil {freeze, rElec rC+ Dex+2}
   (You found it on level 2 of the Dungeon)

   It freezes those it strikes, dealing additional cold damage.
   It can also slow down cold-blooded creatures.
   Dex:       It affects your dexterity (+2).
   rC:        It protects you from cold.
   rElec:     It insulates you from electricity.
Missiles
 c - 4 curare-tipped darts
 s - 3 throwing nets
Armour
 t - a +0 pair of boots (worn)
 A - a +0 helmet (worn)
 E - the +2 leather armour of the Swamp (worn) {Regen+ Int+2 Stlth-}
   (You found it on level 6 of the Dungeon)

   Int:       It affects your intelligence (+2).
   Regen:     It increases your rate of health regeneration.
   Stlth:     It makes you less stealthy.
 J - a scarf of resistance (worn)
 Q - a +0 cloak of preservation
Magical Staves
 K - a staff of fire (weapon)
Jewellery
 a - the amulet "Dedakkoz" (around neck) {Reflect rPois rF- Regen+ SH+5}
   (You acquired it on level 8 of the Dungeon)

   [amulet of reflection]

   It reflects blocked missile attacks.
   rF:        It makes you vulnerable to fire.
   rPois:     It protects you from poison.
   Regen:     It increases your rate of health regeneration.
   SH:        It affects your SH (+5).
 d - a ring of resist corrosion (left hand)
 l - a +4 ring of protection (right hand)
 B - a +6 ring of dexterity
 T - a ring of protection from cold
 U - a ring of flight
 V - a +6 ring of strength
Wands
 o - a wand of digging (8)
 q - a wand of polymorph (11)
 r - a wand of charming (8)
 v - a wand of flame (81)
 x - a wand of iceblast (22)
 F - a wand of acid (10)
 M - a wand of paralysis (9)
Scrolls
 b - 8 scrolls of identify
 f - a scroll of fog {unknown}
 k - 3 scrolls of enchant weapon
 m - 3 scrolls of magic mapping
 p - 5 scrolls of teleportation
 y - 5 scrolls of amnesia
 z - a scroll of silence {unknown}
 C - 4 scrolls of enchant armour {unknown}
 D - a scroll of torment
 H - a scroll of immolation
 O - 3 scrolls of blinking {unknown}
 R - a scroll of vulnerability {unknown}
Potions
 e - 2 potions of invisibility
 h - 2 potions of flight
 i - 2 potions of heal wounds
 j - 6 potions of mutation
 n - 4 potions of curing
 u - 3 potions of lignification
 w - 2 potions of attraction
 G - a potion of berserk rage
 I - a potion of cancellation
 L - a potion of magic {unknown}
 N - 3 potions of haste {unknown}
 P - 2 potions of might {unknown}
 S - a potion of brilliance {unknown}


   Skills:
 + Level 9.2 Fighting
 - Level 3.0 Armour
 + Level 11.4 Dodging
 + Level 11.5 Stealth
 + Level 17.1 Spellcasting
 - Level 10.0 Conjurations
 - Level 5.0 Hexes
 - Level 3.0 Translocations
 - Level 3.0 Transmutations
 - Level 8.0 Fire Magic
 - Level 3.0 Earth Magic
 + Level 10.3 Poison Magic


You had 14 spell levels left.
You knew the following spells:

 Your Spells              Type           Power      Damage    Failure   Level
a - Ignite Poison         Fire/Tmut/Pois 77%        N/A       1%          3
b - Scorch                Fire           100%       2d10      1%          2
c - Iskenderun's Mystic   Conj/Tloc      57%        2d12      1%          4
d - Conjure Flame         Conj/Fire      84%        6-21      1%          3
e - Fulminant Prism       Conj/Hex       30%        3d16      1%          4
f - Summon Guardian Gole  Hex/Summ       37%        N/A       3%          3
g - Stone Arrow           Conj/Erth      100%       3d13      1%          3
h - Irradiate             Conj/Tmut      28%        3d23      1%          5
i - Searing Ray           Conj           100%       2d8       1%          2
o - Olgreb's Toxic Radia  Pois           69%        N/A       1%          4

Your spell library contained the following spells:

 Spells                   Type           Power      Damage    Failure   Level
 Starburst                Conj/Fire      42%        6d12      3%          6
 Foxfire                  Conj/Fire      100%       2x1d9     1%          1
 Magic Dart               Conj           100%       1d8       1%          1
 Sting                    Tmut/Pois      100%       1d8       1%          1
 Blink                    Tloc           80%        N/A       1%          2
 Poisonous Vapours        Pois/Air       100%       N/A       1%          2
 Inner Flame              Hex/Fire       74%        N/A       1%          3
 Flame Wave               Conj/Fire      84%        2d12      1%          4
 Sticky Flame             Conj/Fire      84%        2d10      1%          4
 Gell's Gravitas          Tloc           40%        N/A       2%          3
 Teleport Other           Tloc           40%        N/A       2%          3
 Summon Small Mammal      Summ           92%        N/A       3%          1
 Leda's Liquefaction      Hex/Erth       23%        N/A       6%          4
 Freezing Cloud           Conj/Ice/Air   21%        6-21      6%          5
 Lee's Rapid Deconstruct  Erth           20%        3d13*     7%          5
 Call Canine Familiar     Summ           23%        N/A       10%         3
 Manifold Assault         Tloc           40%        N/A       26%         5
 Dispersal                Tloc           20%        N/A       80%         6
 Statue Form              Tmut/Erth      26%        N/A       80%         6
 Simulacrum               Ice/Necr       11%        N/A       99%         6
 Storm Form               Tmut/Air       16%        N/A       100%        7
 Polar Vortex             Ice            11%        N/A       100%        9


Dungeon Overview and Level Annotations

Branches:
Dungeon (10/15)            Temple (1/1) D:4            Lair (6/6) D:10
 Shoals (0/4) Lair:4       Spider (0/4) Lair:2        Slime (0/5) Lair:5
    Orc (2/2) D:10
    Elf: Orc:2

Altars:
Ashenzari
Cheibriados
Dithmenos
Elyvilon
Fedhas
Gozag
Hepliaklqana
Kikubaaqudgha
Makhleb
Nemelex Xobeh
Okawaru
Qazlal
Ru
Sif Muna
Trog
Uskayaw
Vehumet
Wu Jian
Xom
Yredelemnul
Zin
The Shining One
Beogh
Jiyva

Shops:
D:5 (   Orc:2 (*

Annotations:
D:2 1 runed translucent door, Crazy Yiuf
Lair:3 2 runed translucent doors, pigah's ghost, journeyman OpAE
Lair:5 1 runed translucent door
Lair:6 1 runed translucent door
Orc:1 1 runed translucent door, SirDiesAlot's ghost, journeyman DjCj
Orc:2 Jorgrun


Message History

Your toxic radiance grows in intensity.
Jorgrun looks even sicker.
The grasping roots constrict you!
Casting: Olgreb's Toxic Radiance (safe; 1% risk of failure)
Confirm with . or Enter, or press ? or * to list all spells.
You feel a surge of power!
You ignite the poison in your surroundings!
Jorgrun seems to burn from within!!!
Jorgrun is heavily wounded.
Jorgrun is poisoned.
Jorgrun casts a spell at you. You resist with significant effort.
The grasping roots constrict you!
Casting: Ignite Poison (safe; 1% risk of failure)
Confirm with . or Enter, or press ? or * to list all spells.
You feel a surge of power!
You ignite the poison in your surroundings!
Jorgrun seems to burn from within!!
Jorgrun is severely wounded.
Jorgrun is poisoned.
The grasping roots constrict you!
Casting: Ignite Poison (safe; 1% risk of failure)
Confirm with . or Enter, or press ? or * to list all spells.
You feel a surge of power!
You ignite the poison in your surroundings!
Jorgrun seems to burn from within!
Jorgrun is severely wounded.
Jorgrun is poisoned.
Jorgrun says, "May tha earth consume ye!"
The grasping roots constrict you!
Casting: Ignite Poison (safe; 1% risk of failure)
Confirm with . or Enter, or press ? or * to list all spells.
You feel a surge of power!
You ignite the poison in your surroundings!
Jorgrun seems to burn from within!!
Jorgrun is almost dead.
Jorgrun is poisoned.
Jorgrun casts a spell at you. The iron shot hits you!!!
Ouch! That really hurt!
* * * LOW HITPOINT WARNING * * *
The grasping roots constrict you!
You die...

#...###....# .###..
##...##...# # ...#..
##..#.)).# ## #.....
##..))).# ##. #.$..#
#.....## ##.. .g.. ##.....#
#..) # #..## #....### #.).
##..#...###...^# #...
#......@.......# ##..
#.####.......####### ##.
###.....####..# ## ####
#...####.'..# #
###..######'######.#..# #.
#.').#.).##.##...#.#### #..
#.#[.#...##.##.).#.#..# #..
#.#####'###.###'##.[..# ...
#.......#..........#..##...


You could see Jorgrun (poisoned).

Vanquished Creatures
  Rupert (Lair:6)
  An orc warlord (Orc:2)
  A fire dragon (Lair:6)
  An ice dragon (Lair:1)
  8 hydras
  An ogre mage (Orc:2)
  Erolcha (D:9)
  2 two-headed ogres
  12 death yaks
  A tengu warrior (D:9)
  Urug (Lair:5)
  3 lindwurms
  A swamp dragon (Lair:6)
  4 orc knights (Orc:2)
  An orc sorcerer (Orc:1)
  2 cyclopes
  12 elephants
  2 black mambas
  5 torpor snails (Lair:6)
  A gargoyle (D:10)
  10 cane toads
  5 rime drakes
  11 komodo dragons
  2 anaconda simulacra (Lair:1)
  5 polar bears
  A tengu conjurer (D:9)
  5 trolls
  3 tyrant leeches (Lair:6)
  Grinder (D:3)
  7 hornets (Lair:6)
  A snapping turtle (Lair:4)
  17 dream sheep
  8 blink frogs
  Sigmund (D:3)
  Eustachio (D:4)
  A wraith (D:9)
  7 wyverns
  6 basilisks
  20 yaks
  3 redbacks (Lair:2)
  A death yak simulacrum (Lair:1)
  4 steam dragons
  A warg (Orc:2)
  Menkaure (D:4)
  An acid dragon (Lair:6)
  Duvessa (D:4)
  11 water moccasins
  25 orc warriors
  2 swamp drakes (Lair:6)
  A black bear (Lair:1)
  An ice beast (D:5)
  5 sky beasts
  10 ogres
  3 centaurs
  19 wolves
  2 phantoms (D:6)
  A kobold brigand (D:9)
  15 bullfrogs
  3 gnoll sergeants
  A scorpion (D:4)
  Dowan (D:4)
  A water moccasin skeleton (D:6)
  10 killer bees (D:9)
  An elephant simulacrum (Lair:1)
  3 electric eels
  2 vampire bats (D:6)
  8 wights
  3 howler monkeys
  3 hounds
  2 centaur zombies
  3 jellies
  10 orc priests
  A centaur skeleton (D:7)
  9 iguanas
  Jessica (D:3)
  Terence (D:3)
  9 orc wizards
  18 hell rats
  A spriggan simulacrum (Lair:1)
  A hound skeleton (D:5)
  9 adders
  19 gnolls
  A howler monkey skeleton (D:3)
  A naga simulacrum (Lair:1)
  2 shadow imps
  2 white imps
  A worm (D:3)
  6 dart slugs
  68 orcs
  11 ball pythons
  7 bats
  3 bat skeletons (D:6)
  3 bat zombies (D:6)
  5 endoplasms
  6 giant cockroaches
  9 hobgoblins
  7 jackals
  12 kobolds
  2 quokkas
  5 frilled lizards
  10 goblins
  13 rats
  A butterfly (Lair:2)
  2 foxfires (D:8)
577 creatures vanquished.

Vanquished Creatures (collateral kills)
  A fungus (Lair:1)
1 creature vanquished.

Vanquished Creatures (others)
  A hydra (Lair:1)
  2 komodo dragons (Lair:1)
  A black bear (Lair:1)
  2 bushes (Lair:6)
  673 foxfires
  75 fulminant prisms
  85 fungi
  105 plants
944 creatures vanquished.

Grand Total: 1522 creatures vanquished

Notes
Turn   | Place    | Note
-------+----------+-------------------------------------------
     0 | D:1      | oldriver the Deep Elf Fire Elementalist began the quest for
                  | the Orb.
     0 | D:1      | Reached XP level 1. HP: 10/10 MP: 6/6
   620 | D:1      | Reached XP level 2. HP: 5/16 MP: 1/8
   623 | D:1      | Learned a level 2 spell: Scorch
  1197 | D:1      | Reached XP level 3. HP: 20/20 MP: 3/10
  1323 | D:1      | Reached skill level 1 in Fighting
  2409 | D:2      | Reached XP level 4. HP: 19/25 MP: 8/11
  2499 | D:2      | Found a runed translucent door.
  2500 | D:2      | Noticed Crazy Yiuf
  2541 | D:2      | Identified the +8 flail of Qyonlil {freeze, rElec rC+
                  | Dex+2}
  2820 | D:2      | Found a glowing silver altar of Zin.
  2842 | D:2      | Reached skill level 4 in Spellcasting
  3298 | D:2      | Reached XP level 5. HP: 30/30 MP: 4/13
  3980 | D:3      | Noticed Grinder
  3991 | D:3      | Killed Grinder
  3992 | D:3      | Reached skill level 5 in Spellcasting
  3992 | D:3      | Reached XP level 6. HP: 36/36 MP: 3/15
  4175 | D:3      | Noticed Jessica
  4180 | D:3      | Killed Jessica
  4181 | D:3      | Reached skill level 5 in Stealth
  4321 | D:3      | Found a faded altar of an unknown god.
  4360 | D:3      | Noticed Sigmund
  4365 | D:3      | Killed Sigmund
  4366 | D:3      | Reached skill level 5 in Dodging
  4366 | D:3      | Reached XP level 7. HP: 42/42 MP: 9/16
  4482 | D:3      | Noticed Terence
  4484 | D:3      | Killed Terence
  5016 | D:3      | Learned a level 2 spell: Searing Ray
  5020 | D:3      | Learned a level 3 spell: Conjure Flame
  5026 | D:4      | Noticed Menkaure
  5030 | D:4      | Killed Menkaure
  5418 | D:4      | Noticed Duvessa
  5418 | D:4      | Noticed Dowan
  5673 | D:4      | Noticed Eustachio
  5750 | D:4      | Found a staircase to the Ecumenical Temple.
  5783 | Temple   | Entered the Ecumenical Temple
  5913 | Temple   | Became a worshipper of Vehumet
  6022 | D:4      | Killed Eustachio
  6489 | D:5      | Entered Level 5 of the Dungeon
  6510 | D:5      | Reached XP level 8. HP: 48/48 MP: 13/18
  6516 | D:5      | Reached skill level 5 in Fighting
  6765 | D:5      | Found Jabracro's Weapon Shoppe.
  6783 | D:5      | Reached skill level 6 in Spellcasting
  7393 | D:4      | Killed Duvessa
  7485 | D:4      | Killed Dowan
  7658 | D:6      | Reached skill level 5 in Fire Magic
  7746 | D:6      | Reached skill level 7 in Spellcasting
  7970 | D:6      | Reached * piety under Vehumet
  7970 | D:6      | Offered knowledge of Sandblast by Vehumet.
  7976 | D:6      | Learned a level 4 spell: Fulminant Prism
  8312 | D:6      | Reached skill level 1 in Hexes
  8374 | D:6      | Reached XP level 9. HP: 54/54 MP: 16/21
  8585 | D:6      | Identified the +2 leather armour of the Swamp {Regen+ Int+2
                  | Stlth-}
  8795 | D:6      | Found an ancient bone altar of Kikubaaqudgha.
  9035 | D:7      | Found a broken altar of Ashenzari.
  9035 | D:7      | Found an opulent altar of Gozag.
  9561 | D:7      | Found a sparkling altar of Nemelex Xobeh.
  9829 | D:7      | Reached skill level 5 in Conjurations
  9830 | D:7      | Found an ornate altar of the Wu Jian Council.
  9887 | D:8      | Reached skill level 8 in Spellcasting
  9902 | D:8      | Reached ** piety under Vehumet
  9902 | D:8      | Offered knowledge of Shock by Vehumet.
 10909 | D:8      | Identified a scroll of acquirement
 10909 | D:8      | Acquired the amulet "Dedakkoz" {Reflect rPois rF- Regen+
                  | SH+5}
 10937 | D:9      | Reached XP level 10. HP: 59/59 MP: 18/24
 11116 | D:9      | Noticed a tengu warrior
 11250 | D:9      | Learned a level 3 spell: Summon Guardian Golem
 11737 | D:9      | Reached skill level 9 in Spellcasting
 11737 | D:9      | Reached skill level 5 in Hexes
 12038 | D:9      | Noticed Erolcha
 12042 | D:9      | Killed Erolcha
 12042 | D:9      | Offered knowledge of Stone Arrow by Vehumet.
 12047 | D:9      | Learned a level 3 spell: Stone Arrow
 12487 | D:9      | Killed a tengu warrior
 12488 | D:9      | Reached skill level 1 in Earth Magic
 12868 | D:10     | Entered Level 10 of the Dungeon
 12926 | D:10     | Noticed a two-headed ogre
 12956 | D:10     | Killed a two-headed ogre
 12957 | D:10     | Reached skill level 10 in Spellcasting
 13157 | D:10     | Noticed a death yak
 13185 | D:10     | Noticed a death yak
 13185 | D:10     | Noticed a death yak
 13204 | D:10     | Noticed a gargoyle
 13227 | D:10     | Killed a gargoyle
 13358 | D:10     | Reached XP level 11. HP: 64/64 MP: 18/27
 13367 | D:9      | Learned a level 4 spell: Olgreb's Toxic Radiance
 13489 | D:10     | Found a staircase to the Orcish Mines.
 13718 | D:10     | Noticed a death yak
 13718 | D:10     | Noticed a death yak
 13719 | D:10     | Noticed a death yak
 13723 | D:10     | Noticed a death yak
 13728 | D:10     | Killed a death yak
 13740 | D:10     | Noticed a death yak
 13945 | D:10     | Killed a death yak
 13946 | D:10     | Reached skill level 1 in Poison Magic
 14129 | D:10     | Noticed a death yak
 14440 | D:10     | Found a staircase to the Lair.
 14509 | Lair:1   | Entered Level 1 of the Lair of Beasts
 15073 | Lair:1   | Noticed an ice dragon
 15370 | Lair:1   | Learned a level 4 spell: Iskenderun's Mystic Blast
 15539 | Lair:1   | Reached skill level 11 in Spellcasting
 15539 | Lair:1   | Reached skill level 1 in Translocations
 15637 | Lair:1   | Noticed a five-headed hydra
 15687 | Lair:1   | Killed a five-headed hydra
 15698 | Lair:1   | Noticed a seven-headed hydra
 16511 | Lair:1   | Reached *** piety under Vehumet
 16527 | Lair:1   | Reached skill level 5 in Poison Magic
 16748 | Lair:1   | Reached XP level 12. HP: 26/71 MP: 12/29
 16755 | Lair:1   | Killed an ice dragon
 16756 | Lair:1   | Reached skill level 12 in Spellcasting
 17022 | Lair:1   | Killed a seven-headed hydra
 17393 | Lair:2   | Learned a level 3 spell: Ignite Poison
 17618 | Lair:2   | Noticed a six-headed hydra
 17628 | Lair:2   | Killed a six-headed hydra
 17742 | Lair:2   | Reached skill level 13 in Spellcasting
 17803 | Lair:2   | Found a hole to the Spider Nest.
 17968 | Lair:2   | Found a stormy altar of Qazlal.
 18900 | Lair:3   | Noticed pigah's ghost (journeyman OpAE)
 18900 | Lair:3   | Found a runed translucent door.
 18900 | Lair:3   | Found a shimmering altar of Xom.
 19156 | Lair:3   | Offered knowledge of Hailstorm by Vehumet.
 19367 | Lair:3   | Found a runed translucent door.
 20117 | Lair:4   | Reached skill level 14 in Spellcasting
 20718 | Lair:4   | Noticed a six-headed hydra
 20804 | Lair:4   | Killed a six-headed hydra
 21502 | Lair:4   | Noticed a death yak
 21504 | Lair:4   | Noticed a death yak
 21506 | Lair:4   | Noticed a death yak
 21508 | Lair:4   | Noticed a death yak
 21509 | Lair:4   | Killed a death yak
 21509 | Lair:4   | Killed a death yak
 21509 | Lair:4   | Reached **** piety under Vehumet
 21510 | Lair:4   | Reached skill level 10 in Stealth
 21510 | Lair:4   | Reached XP level 13. HP: 78/79 MP: 11/33
 21514 | Lair:4   | Reached skill level 10 in Dodging
 21990 | Lair:4   | Offered knowledge of Irradiate by Vehumet.
 21997 | Lair:4   | Learned a level 5 spell: Irradiate
 22266 | Lair:4   | Found a staircase to the Shoals.
 22537 | Lair:5   | Noticed Urug
 22545 | Lair:5   | Killed Urug
 23206 | Lair:5   | Reached skill level 15 in Spellcasting
 23405 | Lair:5   | Found a runed translucent door.
 23406 | Lair:5   | Found a viscous altar of Jiyva.
 23406 | Lair:5   | Noticed an azure jelly
 23408 | Lair:5   | Found a staircase to the Slime Pits.
 23408 | Lair:5   | Noticed an azure jelly
 23982 | Lair:6   | Entered Level 6 of the Lair of Beasts
 24015 | Lair:6   | Noticed Rupert
 24248 | Lair:6   | Reached skill level 1 in Armour
 24374 | Lair:6   | Reached ***** piety under Vehumet
 24387 | Lair:6   | Offered knowledge of Eringya's Noxious Bog by Vehumet.
 24939 | Lair:6   | Killed Rupert
 24940 | Lair:6   | Reached XP level 14. HP: 86/86 MP: 8/35
 25199 | Lair:6   | Found a runed translucent door.
 25460 | Lair:6   | Reached skill level 16 in Spellcasting
 25593 | Lair:6   | Reached skill level 10 in Conjurations
 26188 | Lair:6   | Reached skill level 1 in Transmutations
 27496 | Orc:1    | Entered Level 1 of the Orcish Mines
 27813 | Orc:1    | Found a runed translucent door.
 27814 | Orc:1    | Found a shimmering altar of Xom.
 27814 | Orc:1    | Noticed SirDiesAlot's ghost (journeyman DjCj)
 28738 | Orc:2    | Entered Level 2 of the Orcish Mines
 29980 | Orc:2    | Reached skill level 10 in Poison Magic
 30093 | Orc:2    | Offered knowledge of Starburst by Vehumet.
 30115 | Orc:2    | Noticed an orc warlord
 30131 | Orc:2    | Killed an orc warlord
 30485 | Orc:2    | Found Eskumuo's General Store.
 30508 | Orc:2    | Reached skill level 17 in Spellcasting
 30576 | Orc:2    | Found Gemadgh's Weapon Shop.
 31637 | Orc:2    | Noticed Jorgrun
 31644 | Orc:2    | Constricted to death by Jorgrun

Illustrated notes

Levels and vault maps discovered:
D:1:      lightli_arrival_statue_moat, layout_basic, minmay_cut_off
D:2:      layout_rooms, basic_altar, nrook_mini_vaults, uniq_crazy_yiuf_cottage
D:3:      layout_basic, chequers_ecumenical_altar_simple,
          kennysheep_jessica_study, uniq_terence, uniq_grinder, uniq_sigmund,
          uniq_jessica
D:4:      layout_loops_ring, minmay_temple_entry_poolview,
          chequers_serial_rivers_micro_b, minmay_misc_feat_iff, uniq_robin,
          uniq_menkaure, uniq_eustachio, uniq_duvessa
D:5:      layout_cave_pools, serial_shops, nicolae_take_the_stairs
D:6:      layout_rooms, kennysheep_vampire_church, kennysheep_opposing_triangles
D:7:      layout_loops_ring, mainiacjoe_overflow_alcove_4,
          grunt_temple_overflow_open, marbit_many_paths
D:8:      layout_rooms, hangedman_misty_isle
D:9:      layout_basic, kennysheep_generic_room_14, uniq_erolcha
D:10:     layout_cave_pools, dpeg_lair_monsters, minmay_orc_entry_temple_small,
          hex_large
Temple:   minmay_crystal_spiral_temple
Lair:1:   dreamdust_isle_of_ice, layout_cave_pods, beast_lair_carwin_8,
          grunt_megastairs_2
Lair:2:   layout_regular_city, spider_nest_entry_a, basic_altar,
          nicolae_volcano_entry_two_sided, lemuel_fruit_fields,
          grunt_megastairs_1, serial_bayou_shore_a, serial_bayou_shore_b,
          infiniplex_staircase_pool
Lair:3:   gammafunk_mikee_crab_dinner, layout_hall_layers, ebering_ghost_xom,
          infiniplex_staircase_pool_2, serial_bayou_shore_b
Lair:4:   layout_long_grid, minmay_shoals_entry_hut,
          chequers_serial_rivers_micro_a, lemuel_fruit_tree
Lair:5:   layout_hall_layers, slime_altar_2, uniq_urug
Lair:6:   wormcave, layout_regular_city, guppyfry_lair_end_dragon, uniq_rupert
Orc:1:    layout_diamond_mine, ebering_ghost_xom
Orc:2:    pubby_orc_utopia, uniq_jorgrun

Skill      XL: |  1  2  3  4  5  6  7  8  9 10 11 12 13 14 |
---------------+-------------------------------------------+-----
Stealth        | 3 4 5 7 8 9 10 11 | 11.5
Dodging        | 3 4 5 6 7 8 9 11 | 11.4
Fighting       | 1 2 3 4 5 6 8 9 |  9.2
Spellcasting   | 4 5 7 8 10 11 14 15 17 | 17.1
Conjurations   | 2 4 5 7 8 9 10 | 10.0
Fire Magic     | 5 6 7 8 |  8.0
Hexes          | 1 4 5 |  5.0
Earth Magic    | 2 3 |  3.0
Poison Magic   | 5 6 8 10 | 10.3
Translocations | 3 |  3.0
Armour         | 2 3 |  3.0
Transmutations | 3 |  3.0

Action                   |  1- 3 |  4- 6 |  7- 9 | 10-12 | 13-15 || total
-------------------------+-------+-------+-------+-------+-------++-------
Melee: Unarmed           |     2 |       |       |       |       ||     2
       Hand axe          |     4 |       |       |       |       ||     4
       Flail             |       |     1 |       |     7 |       ||     8
       Staff             |       |       |       |       |     2 ||     2
Throw: Dart              |       |       |       |     1 |       ||     1
 Cast: Foxfire           |    88 |    65 |   241 |    29 |       ||   423
       Scorch            |    19 |    26 |   117 |    78 |       ||   240
       Fulminant Prism   |       |       |     1 |    66 |     9 ||    76
       Stone Arrow       |       |       |       |   128 |    74 ||   202
       Summon Guardian G |       |       |       |    16 |       ||    16
       Iskenderun's Myst |       |       |       |     2 |    34 ||    36
       Conjure Flame     |       |       |       |     1 |       ||     1
       Olgreb's Toxic Ra |       |       |       |    66 |   207 ||   273
       Ignite Poison     |       |       |       |    35 |   150 ||   185
       Searing Ray       |       |       |       |     1 |       ||     1
Evoke: Wand              |       |       |       |     8 |     4 ||    12
  Use: Scroll            |       |       |    13 |     8 |     2 ||    23
       Potion            |       |       |       |     1 |       ||     1
Armor: Robe              |     4 |     3 |     8 |       |       ||    15
       Leather armour    |       |       |    14 |    21 |    12 ||    47
Dodge: Dodged            |    30 |     4 |    49 |    64 |    29 ||   176
Block: Other             |       |       |     1 |    32 |     9 ||    42
       Reflection        |       |       |     1 |     1 |     3 ||     5

Table legend: (Time is in decaauts)
 A = Elapsed time spent in this place.
 B = Non-inter-level travel time spent in this place.
 C = Inter-level travel time spent in this place.
 D = Time resting spent in this place.
 E = Time spent auto-exploring this place.
 F = Levels seen in this place.
 G = Mean time per level.
                   A        B        C        D        E       F      G
               +--------+--------+--------+--------+--------+-----+--------+
         Total |  31767 |  30560 |   1207 |  10393 |  15391 |  19 | 1671.9 |
       Dungeon |  14340 |  13777 |    563 |   3347 |   8061 |  10 | 1434.0 |
        Temple |    217 |    127 |     90 |      0 |    111 |   1 |  217.0 |
          Lair |  13058 |  12562 |    496 |   5296 |   5409 |   6 | 2176.3 |
  Orcish Mines |   4151 |   4094 |     57 |   1750 |   1808 |   2 | 2075.5 |
               +--------+--------+--------+--------+--------+-----+--------+

Top non-repeatable levels by time:
  Lair:6: 3276 daAuts
  Lair:1: 2839 daAuts
   Orc:2: 2665 daAuts
  Lair:4: 2598 daAuts
     D:1: 2269 daAuts
     D:9: 2247 daAuts
     D:3: 1673 daAuts
  Lair:2: 1617 daAuts
   Orc:1: 1485 daAuts
  Lair:3: 1424 daAuts
     D:6: 1419 daAuts
     D:4: 1350 daAuts
  Lair:5: 1302 daAuts
     D:2: 1298 daAuts
    D:10: 1279 daAuts
